 Dungeon Crawl Stone Soup version 0.31-a0-271-gb88eb75e06 (webtiles) character file.

Game seed: 7414647246135120719

49621 Iniera the Dancer (level 14, -7/111 HPs)
             Began as a Demonspawn Monk on July 15, 2023.
             Was a High Priest of Uskayaw.
             Mangled by Saint Roka
             ... wielding a +0 battleaxe of electrocution
              (9 damage)
             ... on level 2 of the Orcish Mines.
             The game lasted 00:21:16 (14575 turns).

Iniera the Dancer (Demonspawn Monk)                Turns: 14575, Time: 00:21:17

Health: -7/111     AC: 33    Str: 16    XL:     14   Next: 16%
Magic:  25/25      EV:  9    Int: 13    God:    Uskayaw [*****.]
Gold:   1155       SH:  4    Dex: 20    Spells: 13/13 levels left

rFire   . . .        v - +6 battleaxe (flame)
rCold   . . .        (shield currently unavailable)
rNeg    . . .        w - +0 plate armour of Elitism {Fly Int+2}
rPois   +            E - +2 helmet {SInv}
rElec   .            O - +1 cloak {Will+}
rCorr   .            P - +2 pair of gloves {Dex+3}
SInv    +            L - +0 pair of boots
Will    ++...        z - amulet of regeneration Stlth
                     H - +4 ring of protection
HPRegen 1.18/turn    s - ring of poison resistance
MPRegen 0.19/turn

%: no passive effects
@: flying
A: hooves 2, foul stench 2, icemail 1, sturdy frame 1, condensation shield
a: Renounce Religion, Stomp, Line Pass, Grand Finale


You were on level 2 of the Orcish Mines.
You worshipped Uskayaw.
Uskayaw was pleased with you.
You visited 4 branches of the dungeon, and saw 18 of its levels.
You also visited: Sewer.

You collected 1544 gold pieces.
You spent 389 gold pieces at shops.

Inventory:

Hand Weapons
 v - a +6 battleaxe of flaming (weapon)
Missiles
 m - 2 throwing nets
 t - 27 poisoned darts
Armour
 w - the +0 plate armour of Elitism (worn) {Fly Int+2}
   (You found it on level 6 of the Dungeon)

   Int:       It affects your intelligence (+2).
   Fly:       It grants you flight.
 E - a +2 helmet of see invisible (worn)
 L - a +0 pair of boots (worn)
 O - a +1 cloak of willpower (worn)
 P - a +2 pair of gloves of dexterity (worn)
Jewellery
 s - a ring of poison resistance (right hand)
 z - an amulet of regeneration (around neck)
 C - a ring of protection from fire
 H - a +4 ring of protection (left hand)
Wands
 a - a wand of paralysis (11)
 i - a wand of flame (21)
 j - a wand of light (7)
 k - a wand of polymorph (15)
 D - a wand of roots (13)
 F - a wand of digging (13)
Scrolls
 d - a scroll of brand weapon
 e - 3 scrolls of poison
 p - 5 scrolls of immolation
 u - 2 scrolls of blinking
 y - 5 scrolls of teleportation
 G - a scroll of fear
 K - 2 scrolls of silence
Potions
 b - a potion of berserk rage
 c - 5 potions of ambrosia
 f - 3 potions of heal wounds
 g - 6 potions of attraction
 h - 6 potions of curing
 l - a potion of resistance
 n - 4 potions of brilliance
 o - a potion of lignification
 q - 3 potions of haste
 x - 2 potions of magic
 A - 2 potions of invisibility
 J - 2 potions of might
Miscellaneous
 B - a lightning rod (4/4)
 I - a phantom mirror
 N - a phial of floods


   Skills:
 + Level 10.4 Fighting
 + Level 13.5 Axes
 * Level 10.4 Armour
 + Level 6.1 Dodging
 + Level 15.0 Invocations
 + Level 5.7 Evocations


You had 13 spell levels left.
You didn't know any spells.
Your spell library contained the following spells:

 Spells                   Type           Power      Damage    Failure   Level
 Blink                    Tloc           0%         N/A       100%        2
 Poisonous Vapours        Pois/Air       0%         N/A       100%        2
 Scorch                   Fire           0%         2d5       100%        2
 Sublimation of Blood     Necr           0%         N/A       100%        2
 Wereblood                Tmut           0%         N/A       100%        2
 Dazzling Flash           Conj/Hex       0%         N/A       100%        3
 Frozen Ramparts          Ice            0%         1d1       100%        3
 Inner Flame              Hex/Fire       0%         N/A       100%        3
 Mephitic Cloud           Conj/Pois/Air  0%         N/A       100%        3
 Ozocubu's Armour         Ice            0%         N/A       100%        3
 Volatile Blastmotes      Fire/Tloc      0%         2d10      100%        3
 Flame Wave               Conj/Fire      0%         2d4       100%        4
 Manifold Assault         Tloc           0%         N/A       100%        4
 Petrify                  Tmut/Erth      0%         N/A       100%        4
 Freezing Cloud           Conj/Ice/Air   0%         6-21      100%        5
 Metabolic Englaciation   Hex/Ice        0%         N/A       100%        5
 Summon Forest            Summ/Tloc      0%         N/A       100%        5
 Summon Mana Viper        Hex/Summ       0%         N/A       100%        5
 Yara's Violent Unravell  Hex/Tmut       0%         3d3       100%        5
 Starburst                Conj/Fire      0%         6d3       100%        6
 Summon Cactus Giant      Summ           0%         N/A       100%        6
 Enfeeble                 Hex            0%         N/A       100%        7
 Haunt                    Necr/Summ      0%         N/A       100%        7
 Ozocubu's Refrigeration  Ice            0%         4d7       100%        7
 Summon Hydra             Summ           0%         N/A       100%        7
 Borgnjor's Revivificati  Necr           0%         N/A       100%        8
 Maxwell's Capacitive Co  Air            0%         ∞         100%        8
 Death's Door             Necr           0%         N/A       100%        9


Dungeon Overview and Level Annotations

Branches:
Dungeon (10/15)            Temple (1/1) D:7            Lair (5/5) D:8
 Shoals (0/4) Lair:3       Spider (0/4) Lair:3        Slime (0/5) Lair:5
    Orc (2/2) D:10            Elf (0/3) Orc:2         Sewer (visited)

Altars:
Ashenzari
Cheibriados
Dithmenos
Fedhas
Gozag
Hepliaklqana
Kikubaaqudgha
Makhleb
Nemelex Xobeh
Okawaru
Qazlal
Ru
Sif Muna
Trog
Uskayaw
Vehumet
Wu Jian
Xom
Yredelemnul
Jiyva

Shops:
D:5 *   Orc:1 [

Annotations:
D:8 5 transporters, 1 runed translucent door, salammoniac's ghost, novice DrSh
Temple 2 transporters
Lair:2 exclusion: oklob plant
Lair:3 exclusion: oklob plant
Orc:2 Saint Roka


Innate Abilities, Weirdness & Mutations

You have hoof-like feet.
You sometimes emit foul miasma when damaged in melee.
A meltable icy envelope protects you from harm. (AC +4)
Your movements are slightly less encumbered by armour. (ER -2)
A meltable shield of frost defends you. (SH +4)


Message History

You burn the orc warrior.
You kill the orc!
You closely miss the orc wizard.
The orc warrior hits you but does no damage.
You can now merge with and destroy a victim.
You slash the orc warrior!
You kill the orc!
You burn the orc warrior.
You kill the orc warrior!
You barely miss the orc wizard.
The orc wizard hits you but does no damage.
You slice the orc wizard!! You burn the orc wizard.
You kill the orc wizard!
You hit Saint Roka but do no damage. You hit the orc warrior.
You burn the orc warrior.
Saint Roka hits you with a +0 battleaxe of electrocution!!
You are electrocuted!
The orc warrior unwields a +0 orcbow.
The orc warrior wields a +0 dire flail.
The orc warrior hits you but does no damage.
You are too injured to fight recklessly!
You hit Saint Roka but do no damage.
Saint Roka is moderately wounded.
You slash the orc warrior! You burn the orc warrior.
Saint Roka hits you with a +0 battleaxe of electrocution!!
* * * LOW HITPOINT WARNING * * *
You emit a cloud of foul miasma!
You hit Saint Roka but do no damage.
Saint Roka is moderately wounded.
You hit the orc warrior. You burn the orc warrior.
You kill the orc warrior!
Saint Roka is engulfed in dark miasma.
Saint Roka is poisoned.
Saint Roka hits you with a +0 battleaxe of electrocution!
* * * LOW HITPOINT WARNING * * *
You are electrocuted!
* * * LOW HITPOINT WARNING * * *
You slice Saint Roka!! You burn Saint Roka.
Saint Roka is heavily wounded.
Saint Roka is engulfed in dark miasma.
Saint Roka looks even sicker.
Saint Roka hits you with a +0 battleaxe of electrocution!
You die...

###..#...#..#.
##.............
.........#.....
............#..
.............##
.......)......#
.......o).....#
......)@)#
......).#####
.........#..##
.............####
...#............##
.................#
..........####...##
.........#.####...##
............##.....#


You could see Saint Roka (very poisoned, pain bonded).

Vanquished Creatures
  Rupert (Lair:4)
  Snorg (Lair:4)
  Erolcha (D:9)
  4 hydras
  A catoblepas (Lair:2)
  A boulder beetle (Lair:5)
  A two-headed ogre (D:9)
  10 death yaks
  A merfolk avatar (Lair:5)
  2 skysharks
  2 sea snakes (Lair:5)
  An orc knight (Orc:1)
  3 harpies
  2 orc sorcerers (Orc:2)
  2 manticores (Lair:5)
  15 elephants
  7 black mambas
  13 cane toads
  3 rime drakes
  A kobold demonologist (D:10)
  7 komodo dragons
  5 trolls
  A polar bear (Lair:1)
  A wind drake (Lair:5)
  4 hornets (Lair:5)
  A blink frog (Lair:5)
  A jumping spider (Lair:3)
  A culicivora (Lair:3)
  2 humans (D:9)
  34 yaks
  5 basilisks
  3 wyverns
  5 wargs
  Menkaure (D:6)
  An acid dragon (D:10)
  18 water moccasins
  A sky beast (D:6)
  Pargi (Sewer)
  4 black bears
  8 orc warriors
  An ice beast (D:5)
  3 ogres (Orc:1)
  5 wolves
  A phantom (D:7)
  2 kobold brigands
  12 bullfrogs
  2 scorpions
  10 wights
  11 killer bees
  3 electric eels (D:8)
  3 howler monkeys (D:10)
  A crimson imp (D:7)
  5 hounds
  2 jellies
  6 orc priests
  7 iguanas
  4 sleepcaps
  10 orc wizards
  3 hell rats (Lair:2)
  3 gnolls (D:3)
  6 adders
  5 river rats (Lair:2)
  2 shadow imps
  An ufetubus (D:6)
  7 worms
  A dart slug (D:1)
  36 orcs
  11 bats
  11 endoplasms
  2 giant cockroaches (D:6)
  4 hobgoblins
  3 quokkas (D:1)
  5 ball pythons
  3 frilled lizards
  10 goblins
  17 kobolds
  18 rats
412 creatures vanquished.

Vanquished Creatures (others)
  3 spectral weapons
3 creatures vanquished.

Grand Total: 415 creatures vanquished

Notes
Turn   | Place    | Note
-------+----------+-------------------------------------------
     0 | D:1      | Iniera the Demonspawn Monk began the quest for the Orb.
     0 | D:1      | Reached XP level 1. HP: 18/18 MP: 1/1
    23 | D:1      | You fall into a shaft and drop 1 floor!
   222 | D:1      | Gained mutation: You have large cloven feet. [demonic
                  | ancestry]
   222 | D:1      | Reached XP level 2. HP: 15/24 MP: 2/2
   237 | D:1      | HP: 1/24 [quokka (3)]
   658 | D:1      | Reached XP level 3. HP: 29/29 MP: 3/3
  1974 | D:3      | Reached XP level 4. HP: 26/35 MP: 4/4
  2524 | D:3      | Reached skill level 5 in Axes
  3065 | D:4      | Reached XP level 5. HP: 28/41 MP: 5/5
  3156 | D:4      | Found an ornate altar of the Wu Jian Council.
  3297 | D:4      | Noticed a black bear
  3308 | D:4      | Killed a black bear
  3309 | D:4      | Gained mutation: You have hoof-like feet. [demonic
                  | ancestry]
  3309 | D:4      | Reached XP level 6. HP: 46/47 MP: 6/6
  3549 | D:4      | Noticed a yak
  3550 | D:4      | Noticed a yak
  3550 | D:4      | Noticed a yak
  3569 | D:4      | Killed a yak
  3593 | D:4      | Killed a yak
  3594 | D:4      | Gained mutation: Your movements are slightly less
                  | encumbered by armour. (ER -2) [demonic ancestry]
  3594 | D:4      | Reached XP level 7. HP: 15/52 MP: 7/7
  3602 | D:4      | Killed a yak
  3793 | D:4      | Found a basalt altar of Yredelemnul.
  3899 | D:4      | Found a shadowy altar of Dithmenos.
  4029 | D:5      | Entered Level 5 of the Dungeon
  4194 | D:5      | Gained mutation: A meltable shield of frost defends you.
                  | (SH +4) [demonic ancestry]
  4194 | D:5      | Reached XP level 8. HP: 58/58 MP: 8/8
  4291 | D:5      | Found a sparkling altar of Nemelex Xobeh.
  4456 | D:5      | Found an opulent altar of Gozag.
  4460 | D:5      | Found Gozag's Platinum Reserve.
  4563 | D:6      | Noticed Menkaure
  4578 | D:6      | Killed Menkaure
  4631 | D:6      | Reached skill level 10 in Axes
  4898 | D:6      | Reached skill level 1 in Invocations
  4899 | D:6      | Identified the +4 whip "Deguxewk" {holy, rN+ Str+5 Int+3}
  4921 | D:6      | Identified the +0 plate armour of Elitism {Fly Int+2}
  4985 | D:6      | Reached skill level 1 in Armour
  5170 | D:6      | Found a glowing drain.
  5175 | Sewer    | Entered a sewer
  5198 | Sewer    | Noticed Pargi
  5215 | Sewer    | Killed Pargi
  5216 | Sewer    | Reached skill level 2 in Invocations
  5432 | D:7      | Gained mutation: A meltable icy envelope protects you from
                  | harm. (AC +4) [demonic ancestry]
  5432 | D:7      | Reached XP level 9. HP: 65/65 MP: 9/11
  5437 | D:7      | Reached skill level 3 in Invocations
  5617 | D:7      | Reached skill level 4 in Invocations
  5690 | D:7      | Found a staircase to the Ecumenical Temple.
  5701 | Temple   | Entered the Ecumenical Temple
  5701 | Temple   | Found a transporter.
  5701 | Temple   | Found a transporter.
  5703 | Temple   | Found a transporter.
  5703 | Temple   | Found a transporter.
  5725 | Temple   | Became a worshipper of Uskayaw the Reveller
  5725 | Temple   | Reached * piety under Uskayaw
  5755 | D:7      | Found a shimmering altar of Xom.
  5755 | D:7      | Found a burning altar of Makhleb.
  6203 | D:8      | Found a bloodstained altar of Trog.
  6210 | D:8      | Reached ** piety under Uskayaw
  6212 | D:8      | Reached *** piety under Uskayaw
  6241 | D:8      | Found a transporter.
  6244 | D:8      | Found a transporter.
  6252 | D:8      | Noticed a troll
  6276 | D:8      | Killed a troll
  6277 | D:8      | Reached skill level 5 in Invocations
  6279 | D:8      | Reached **** piety under Uskayaw
  6283 | D:8      | Reached skill level 5 in Fighting
  6307 | D:8      | Reached ***** piety under Uskayaw
  6394 | D:8      | Reached skill level 6 in Invocations
  6457 | D:8      | Found a transporter.
  6497 | D:8      | Found a transporter.
  6630 | D:8      | Found a staircase to the Lair.
  6795 | D:8      | Reached XP level 10. HP: 72/73 MP: 15/15
  6927 | D:8      | Reached skill level 7 in Invocations
  6984 | D:8      | Found a transporter.
  6988 | D:8      | Found a transporter.
  7050 | D:8      | Found a runed translucent door.
  7052 | D:8      | Noticed salammoniac's ghost (novice DrSh)
  7143 | D:9      | Found an iron altar of Okawaru.
  7244 | D:9      | Noticed a two-headed ogre
  7253 | D:9      | Killed a two-headed ogre
  7254 | D:9      | Reached skill level 8 in Invocations
  7612 | D:9      | Noticed Erolcha
  7627 | D:9      | Killed Erolcha
  7628 | D:9      | Reached skill level 5 in Armour
  7628 | D:9      | Reached skill level 9 in Invocations
  7860 | D:10     | Entered Level 10 of the Dungeon
  8179 | D:10     | Noticed a sixfirhy
  8316 | D:10     | Found a staircase to the Orcish Mines.
  8328 | D:10     | Reached skill level 10 in Invocations
  8793 | Lair:1   | Entered Level 1 of the Lair of Beasts
  8810 | Lair:1   | Reached XP level 11. HP: 83/83 MP: 18/18
  9004 | Lair:1   | Reached skill level 11 in Invocations
  9213 | Lair:1   | Noticed a death yak
  9213 | Lair:1   | Noticed a death yak
  9214 | Lair:1   | Noticed a death yak
  9215 | Lair:1   | Noticed a death yak
  9226 | Lair:1   | Killed a death yak
  9227 | Lair:1   | Killed a death yak
  9227 | Lair:1   | Killed a death yak
  9227 | Lair:1   | Killed a death yak
  9228 | Lair:1   | Reached skill level 12 in Invocations
  9767 | Lair:2   | Noticed a catoblepas
  9785 | Lair:2   | Reached ****** piety under Uskayaw
  9789 | Lair:2   | Killed a catoblepas
  9840 | Lair:2   | Noticed a skyshark
  9853 | Lair:2   | Killed a skyshark
  9854 | Lair:2   | Reached skill level 13 in Invocations
  9854 | Lair:2   | Reached XP level 12. HP: 21/94 MP: 21/21
 10116 | Lair:2   | Noticed a seven-headed hydra
 10126 | Lair:2   | Killed a three-headed hydra
 10260 | Lair:2   | Reached skill level 1 in Evocations
 10941 | Lair:3   | Noticed a seven-headed hydra
 10950 | Lair:3   | Killed a 16-headed hydra
 11088 | Lair:3   | Found a staircase to the Shoals.
 11237 | Lair:3   | Found a hole to the Spider Nest.
 11389 | Lair:3   | Noticed a death yak
 11389 | Lair:3   | Noticed a death yak
 11389 | Lair:3   | Noticed a death yak
 11389 | Lair:3   | Noticed a death yak
 11389 | Lair:3   | Noticed a death yak
 11389 | Lair:3   | Noticed a death yak
 11398 | Lair:3   | Killed a death yak
 11401 | Lair:3   | Killed a death yak
 11403 | Lair:3   | Killed a death yak
 11404 | Lair:3   | Killed a death yak
 11404 | Lair:3   | Killed a death yak
 11411 | Lair:3   | Killed a death yak
 11551 | Lair:3   | Reached skill level 14 in Invocations
 11998 | Lair:4   | Gained mutation: You may rarely emit foul miasma when
                  | damaged in melee. [demonic ancestry]
 11998 | Lair:4   | Reached XP level 13. HP: 101/101 MP: 23/23
 12104 | Lair:4   | Noticed Snorg
 12113 | Lair:4   | Killed Snorg
 12397 | Lair:4   | Noticed Rupert
 12400 | Lair:4   | Paralysed by Rupert for 4 turns
 12411 | Lair:4   | HP: 7/153 [Rupert/+5 battleaxe of flaming (5)]
 12413 | Lair:4   | Killed Rupert
 12414 | Lair:4   | Reached skill level 5 in Dodging
 12940 | Lair:5   | Entered Level 5 of the Lair of Beasts
 12940 | Lair:5   | Found a viscous altar of Jiyva.
 12940 | Lair:5   | Found a staircase to the Slime Pits.
 13094 | Lair:5   | Reached skill level 10 in Fighting
 13096 | Lair:5   | Reached skill level 5 in Evocations
 13248 | Lair:5   | Reached skill level 10 in Armour
 13417 | Lair:5   | Gained mutation: You sometimes emit foul miasma when
                  | damaged in melee. [demonic ancestry]
 13417 | Lair:5   | Reached XP level 14. HP: 110/110 MP: 25/25
 13623 | Lair:5   | Identified the +6 orcbow of Uskayaw's Benevolence {heavy,
                  | Fly rElec rC+ Int-4}
 13626 | Lair:5   | Identified the +7 rapier "Mutrarph" {heavy, rF- MP+9 Int+6}
 13991 | Orc:1    | Entered Level 1 of the Orcish Mines
 13996 | Orc:1    | Reached skill level 15 in Invocations
 14250 | Orc:1    | Found Xoas Yky's Armour Boutique.
 14262 | Orc:1    | Bought a +0 pair of boots for 67 gold pieces
 14262 | Orc:1    | Bought a +2 pair of gloves of dexterity for 322 gold pieces
 14346 | Orc:2    | Entered Level 2 of the Orcish Mines
 14503 | Orc:2    | Found a staircase to the Elven Halls.
 14510 | Orc:2    | Found a radiant altar of Vehumet.
 14558 | Orc:2    | Noticed Saint Roka
 14574 | Orc:2    | HP: 1/111 [Saint Roka/+0 battleaxe of electrocution (10)]
 14575 | Orc:2    | Mangled by Saint Roka

Illustrated notes

Levels and vault maps discovered:
D:1:      dpeg_arrival_ratfight, layout_basic
D:2:      layout_loops_ring
D:3:      layout_basic, uniq_crazy_yiuf_cottage
D:4:      dreamdust_elfheim, layout_cave_pods,
          nicolae_dithmenos_through_a_glass_darkly,
          mainiacjoe_overflow_concentric_impassable,
          mainiacjoe_overflow_six_doors_small
D:5:      layout_rooms, nicolae_gozag_zags_fifth_avenue,
          mainiacjoe_overflow_surrounded_room, nicolae_wormholes
D:6:      layout_cave_pools, nicolae_tso_carved_into_rock, gup_sewer_entry_bowl,
          minmay_gold_behind_fungi, uniq_menkaure
D:7:      layout_loops_ring, grunt_temple_overflow_champion_of_chaos,
          lemuel_round_altar, minmay_temple_entry_hall
D:8:      layout_basic, trog_ov_bears_minmay, erik_lair_island,
          gammafunk_ghost_grave, serial_nicolae_subway,
          nicolae_sub_station_stone, nicolae_sub_station_metal,
          nicolae_sub_station_crystal
D:9:      nicolae_cairo_tiling, layout_irregular_city, okawaru_humans,
          serial_glass, glass_columns_a, glass_columns_a, uniq_erolcha
D:10:     layout_loops_corners, minmay_orc_entry_guard_dogs
Temple:   hellmonk_temple_divided_pantheon
Lair:1:   layout_cave_pods, infiniplex_staircase_pool_2, grunt_megastairs_1
Lair:2:   layout_regular_city, kennysheep_abandoned_house, grunt_megastairs_5,
          serial_bayou_shore_b
Lair:3:   layout_long_grid, nicolae_shoals_entry_roost,
          spider_nest_entry_funnel_web
Lair:4:   layout_cave_pods, uniq_snorg, uniq_rupert
Lair:5:   gammafunk_lair_ancient_temple, layout_misc_corridors,
          nicolae_slime_entry_slimehenge
Orc:1:    layout_diamond_mine, serial_shops, nicolae_shop_tiny_statue_garden,
          nicolae_orc_tapped_out
Orc:2:    grunt_orc_tribal_feast, layout_caves, basic_altar,
          dreamdust_deal_with_the_devil, uniq_saint_roka

Skill      XL: |  1  2  3  4  5  6  7  8  9 10 11 12 13 14 |
---------------+-------------------------------------------+-----
Axes           | 3 4 5 6 7 9 10 11 12 13 | 13.5
Invocations    | 2 6 10 13 14 15 | 15.0
Armour         | 1 3 5 6 8 10 | 10.4
Fighting       | 5 6 8 9 10 | 10.4
Evocations     | 3 5 |  5.7
Dodging        | 4 5 6 |  6.1

Action                     |  1- 3 |  4- 6 |  7- 9 | 10-12 | 13-15 || total
---------------------------+-------+-------+-------+-------+-------++-------
  Melee: Hand axe          |   124 |   109 |   368 |    78 |       ||   679
         Kick              |    28 |    27 |   170 |   181 |   106 ||   512
         War axe           |       |       |       |   229 |       ||   229
         Battleaxe         |       |       |       |   116 |   263 ||   379
  Throw: Throwing net      |       |     1 |     1 |       |       ||     2
 Invoke: Stomp             |       |       |     1 |     2 |       ||     3
         Grand Finale      |       |       |       |       |     1 ||     1
  Evoke: Wand              |       |       |     5 |       |       ||     5
    Use: Scroll            |     7 |     3 |     8 |     8 |     2 ||    28
         Potion            |       |     1 |       |     1 |     2 ||     4
   Stab: Paralysed         |       |       |     4 |    66 |    35 ||   105
         Distracted        |       |       |       |       |     3 ||     3
 Armour: Robe              |    28 |       |       |       |       ||    28
         Chain mail        |     7 |    52 |    78 |       |       ||   137
         Skin              |       |    18 |       |       |       ||    18
         Plate armour      |       |       |   108 |   322 |   188 ||   618
  Dodge: Dodged            |    74 |    28 |   121 |   156 |   115 ||   494
  Block: Orb               |       |       |    50 |    46 |       ||    96
         Other             |       |       |       |    22 |    39 ||    61

Table legend: (Time is in decaauts)
 A = Elapsed time spent in this place.
 B = Non-inter-level travel time spent in this place.
 C = Inter-level travel time spent in this place.
 D = Time resting spent in this place.
 E = Time spent auto-exploring this place.
 F = Levels seen in this place.
 G = Mean time per level.
                   A        B        C        D        E       F      G
               +--------+--------+--------+--------+--------+-----+--------+
         Total |  14515 |  13894 |    621 |    494 |  10736 |  19 |  763.9 |
       Dungeon |   8654 |   8301 |    353 |    221 |   6582 |  10 |  865.4 |
        Temple |     44 |     35 |      9 |      0 |      6 |   1 |   44.0 |
          Lair |   5152 |   4929 |    223 |    273 |   3672 |   5 | 1030.4 |
  Orcish Mines |    585 |    551 |     34 |      0 |    427 |   2 |  292.5 |
         Sewer |     78 |     78 |      0 |      0 |     48 |   1 |   78.0 |
               +--------+--------+--------+--------+--------+-----+--------+

Top non-repeatable levels by time:
     D:3: 1368 daAuts
  Lair:3: 1180 daAuts
  Lair:2: 1095 daAuts
     D:4: 1031 daAuts
  Lair:4: 994 daAuts
  Lair:1: 985 daAuts
    D:10: 925 daAuts
     D:1: 911 daAuts
     D:8: 901 daAuts
  Lair:5: 895 daAuts
     D:9: 778 daAuts
     D:6: 757 daAuts
     D:2: 731 daAuts
     D:7: 727 daAuts
     D:5: 522 daAuts
